Cogmind - Beta 16.1 @@@ ROGUE MODE // 2026.02.19 @ 03:23:29 Player: Doglevel Result: Destroyed by Y-45 Defender with Heavy Assault Rifle Performance ------------- Evolutions (1) 500 Regions Visited (2) 400 Robots Destroyed (32) 160 Value Destroyed (703) 703 Prototype IDs (0) 0 Alien Tech Used (0) 0 Bonus (0) 0 TOTAL SCORE: 1763 Bonus ------- None Cogmind --------- Core Integrity 0/400 Matter 279/300 Energy 109/125 System Corruption 8% Temperature Cool (35) Movement Walking (120) Location -9/Materials Parts ------- > --- POWER (2) -------- Light Ion Engine > --- PROPULSION (2) --- Aluminum Leg > --- UTILITY (3) ------ (None) > --- WEAPON (2) ------- Small Laser > --- INVENTORY (5) ---- Aluminum Leg Peak State ------------ > --- POWER ------------ Ion Engine Improved Ion Engine > --- PROPULSION ------- Aluminum Leg Aluminum Leg > --- UTILITY ---------- Reaction Control System Medium Armor Plating Hardened Light Armor Plating > --- WEAPON ----------- Small Laser Light Assault Rifle > --- INVENTORY -------- Heat Sink Light Assault Rifle Light Assault Rifle [Rating: 14] Favorites ----------- Power Ion Engine Engine Ion Engine Propulsion Aluminum Leg Leg Aluminum Leg Utility Small Storage Unit Device ECM Suite Storage Small Storage Unit Protection Hardened Light Armor Plating Weapon Assault Rifle Energy Gun Small Laser Ballistic Gun Assault Rifle Launcher Grenade Launcher Build | -11 -10 -9 ------- Run | Yrd Mat Mat Slots Evolved 2 | . . 2 Power 1 | . . 1 Propulsion . | . . . Utility 1 | . . 1 Weapon . | . . . Parts Attached 29 | 4 3 22 Power 7 | 1 . 6 Engine 7 | 1 . 6 Core . | . . . Reactor . | . . . Propulsion 6 | 2 . 4 Treads . | . . . Leg 6 | 2 . 4 Wheel . | . . . Hover . | . . . Flight . | . . . Utility 7 | 1 1 5 Device 3 | . 1 2 Storage 2 | 1 . 1 Processor . | . . . Hackware . | . . . Protection 2 | . . 2 Artifact . | . . . Weapon 9 | . 2 7 Energy Gun 3 | . . 3 Energy Cannon . | . . . Ballistic Gun 5 | . 2 3 Ballistic Cannon . | . . . Launcher 1 | . . 1 Special Weapon . | . . . Impact Weapon . | . . . Slashing Weapon . | . . . Piercing Weapon . | . . . Special Melee Weapon . | . . . Unidentified Prototypes . | . . . Parts Lost 25 | . . 25 Power 6 | . . 6 Propulsion 5 | . . 5 Utility 7 | . . 7 Weapon 7 | . . 7 Highest Loss Streak 15 | . . 15 To Critical Strikes . | . . . Average Backups 3 | 2 3 4 Power . | . 1 . Propulsion . | . . . Utility 1 | . . 2 Weapon 2 | 1 2 1 Tool/Special . | . . . Unused Backups 2 | . . 2 Power . | . . . Propulsion 1 | . . 1 Utility 1 | . . 1 Weapon . | . . . Tool/Special . | . . . Average Slot Usage (%) 90 | . 96 87 Engine 17 | . 14 19 Leg 22 | . 28 18 Device 9 | . 11 8 Storage 11 | . 14 9 Protection 5 | . . 8 Energy Gun 2 | . . 4 Ballistic Gun 20 | . 27 16 Peak Build Rating 14 | 4 7 14 Average Rating 8 | 3 6 10 On Entrance 3 | . 4 7 Avg Prop Armor Cover (%) . | . . . Naked Turns . | . . . Heaviest Build 27 | 10 16 27 Greatest Support 20 | 20 20 20 Greatest Overweight (x) 2 | . . 2 Average Overweight (x) . | . . . Largest Inventory Capacity 8 | 8 8 8 Average Capacity 6 | 7 8 6 Most Carried 7 | 4 6 7 Average Carried 4 | 2 3 4 Final Capacity 8 | 8 8 5 Final Carried 6 | 4 6 1 Class Distribution -------------------- 73% | Mutant 26% | Scavenger-Mutant Dominant Class ---------------- Mutant | -10/Materials Scavenger-Mutant | -9/Materials Resources | -11 -10 -9 ----------- Run | Yrd Mat Mat Matter Collected 728 | 188 160 380 Remotely . | . . . Salvage Created 874 | . 209 665 Parts 73 | . 10 63 Haulers Intercepted 1 | . . 1 Recyclers Shooed 3 | . 1 2 Parts Field Recycled . | . . . Retrieved Matter . | . . . Parts Self-Destructed . | . . . Prevented . | . . . Parts Restored . | . . . Kills | -11 -10 -9 ------- Run | Yrd Mat Mat Combat Hostiles Destroyed 24 | . 3 21 Guns 14 | . 3 11 AOE 10 | . . 10 Classes Destroyed 9 | . 3 6 Worker 1 | . 1 . Builder 2 | . . 2 Tunneler 1 | . . 1 Hauler 1 | . . 1 Watcher 3 | . 1 2 Swarmer 9 | . 3 6 Grunt 12 | . . 12 Duelist 1 | . . 1 Sentry 2 | . . 2 Best Kill Streak 19 | . 3 19 Combat Bots Only 11 | . 3 11 Max Kills in Single Turn 6 | . 2 6 Gunslinging . | . . . Exploded 4 | . . 4 Melee . | . . . Uniques/NPCs Destroyed . | . . . Combat | -11 -10 -9 -------- Run | Yrd Mat Mat Hostile Shots Fired 195 | . 15 180 Missed 46 | . 2 44 Hits 149 | . 13 136 Melee 2 | . . 2 Projectile 147 | . 13 134 Critical Strikes 1 | . . 1 Damage Taken 2476 | . 111 2365 Core 409 | . 9 400 Absorbed by Shields . | . . . Core Remaining (%) 98 | 100 96 . Volleys Fired 70 | . 13 57 Largest 2 | . 2 2 Hottest 70 | . 40 70 Shots Fired 138 | . 26 112 Gun 132 | . 26 106 Cannon . | . . . Launcher 6 | . . 6 Special . | . . . Kinetic 114 | . 26 88 Thermal 18 | . . 18 Explosive 6 | . . 6 Electromagnetic . | . . . Robot Hit Streak 6 | . 4 6 Robot Miss Streak 7 | . 5 7 Penetration Max . | . . . Secondary Targets 2 | . . 2 Max Gunslinging Chain 1 | . . 1 Shots Hit Robots 75 | . 14 61 Core Hits 54 | . 8 46 Critical Kills 1 | . . 1 Critical Parts Destroyed 1 | . 1 . Critical Strikes 3 | . 1 2 Burn 1 | . . 1 Destroy 2 | . 1 1 Melee Attacks . | . . . Impact . | . . . Slashing . | . . . Piercing . | . . . Sneak Attacks . | . . . Combat Hostiles . | . . . Follow-up Attacks . | . . . Damage Inflicted 1709 | . 216 1493 Guns 933 | . 216 717 Cannons . | . . . Explosions 776 | . . 776 Melee . | . . . Ramming . | . . . Kinetic 807 | . 216 591 Thermal 126 | . . 126 Explosive 776 | . . 776 Electromagnetic . | . . . Impact . | . . . Slashing . | . . . Piercing . | . . . Highest Corruption 8 | . . 8 Average Corruption 7 | . . 7 Corruption Purged . | . . . Corruption Blocked . | . . . Effects 8 | . . 8 Matter Fused 4 | . . 4 Energy Discharges 1 | . . 1 Data Loss (minor) 3 | . . 3 Overload Shots . | . . . Overflow Damage 11 | . . 11 Projectiles . | . . . Explosions 11 | . . 11 Melee . | . . . Knockbacks . | . . . Impact . | . . . Kinetic . | . . . Secondary . | . . . Self-Inflicted Damage 113 | . . 113 Shots 5 | . . 5 Rammed . | . . . Targets Rammed . | . . . Kicked . | . . . Crushed . | . . . Highest Temperature 330 | . . 330 Average Temperature 132 | . . 132 Received Heat Transfer 792 | . . 792 Effects 2 | . . 2 Energy Bleed 2 | . . 2 Siege Activations . | . . . Martial Activations . | . . . Shielding Activations . | . . . Robots Disrupted . | . . . Combat Hostiles . | . . . Robots Corrupted . | . . . Combat Hostiles . | . . . Parts Fried . | . . . Impact Corruptions . | . . . Robots Melted . | . . . Combat Hostiles . | . . . Parts Melted . | . . . Heat Transferred 373 | . . 373 Parts Sabotaged . | . . . Parts Stolen . | . . . Parts Stripped . | . . . Power Chain Reactions . | . . . Alert | -11 -10 -9 ------- Run | Yrd Mat Mat Maximum Alert Level 1 | . . 1 Low Security (%) 69 | 100 100 46 Level 1 30 | . . 53 Level 2 . | . . . Level 3 . | . . . Level 4 . | . . . Level 5 . | . . . High Security . | . . . Max Security . | . . . Peak Influence 300 | . 67 300 Initial 13 | . . 13 Average 97 | . 22 155 Influence Increases 649 | . 92 557 Destroy 0b10 Robot/C 480 | . 60 420 Destroy 0b10 Robot/NC 50 | . 20 30 Destroy Leader 78 | . 12 66 Destroy Structure 26 | . . 26 Lose Combat Pursuer 15 | . . 15 Influence Decreases 504 | . 60 444 Entered New Map 19 | . . 19 Time Decay 235 | . 60 175 Lost Part 250 | . . 250 Squads Dispatched 2 | . 1 1 Investigation . | . . . Extermination . | . . . Reinforcement 2 | . 1 1 Assault . | . . . Garrison . | . . . Intercept . | . . . Searches Triggered . | . . . Construction Impeded . | . . . Haulers Reinforced . | . . . Active Scanning Responses . | . . . Cargo Convoy Interrupts . | . . . Stealth | -11 -10 -9 --------- Run | Yrd Mat Mat Distress Signals 5 | . . 5 Communications Jammed . | . . . Distress Signals . | . . . Times Spotted 40 | . 7 33 Peak Tracking Total 9 | . 3 9 Tactical Retreats 4 | . 1 3 ECM-based Alert Blocks 5 | . 1 4 Traps | -11 -10 -9 ------- Run | Yrd Mat Mat Traps Triggered . | . . . Indirectly . | . . . Trap Hack Attempts . | . . . Triggered . | . . . Disarmed . | . . . Reprogrammed . | . . . Reused . | . . . Traps Extracted . | . . . Installed . | . . . Triggered . | . . . Machines | -11 -10 -9 ---------- Run | Yrd Mat Mat Machines Disabled . | . . . Max in Single Turn . | . . . Machines Repaired . | . . . Machines Dismantled . | . . . Machines Sabotaged . | . . . Overloaded Fab Kills . | . . . Hacking | -11 -10 -9 --------- Run | Yrd Mat Mat Machines Accessed . | . . . Terminals . | . . . Fabricators . | . . . Repair Stations . | . . . Recycling Units . | . . . Scanalyzers . | . . . Garrison Access . | . . . Total Hacks . | . . . Successful . | . . . Failed . | . . . Catastrophic . | . . . Database Lockouts . | . . . Manual . | . . . Terminals . | . . . Fabricators . | . . . Repair Stations . | . . . Recycling Units . | . . . Scanalyzers . | . . . Garrison Access . | . . . Terminal Hacks . | . . . Fabricator Hacks . | . . . Repair Station Hacks . | . . . Recycling Unit Hacks . | . . . Scanalyzer . | . . . Garrison Access Hacks . | . . . Unauthorized Hacks . | . . . Terminals . | . . . Fabricators . | . . . Repair Stations . | . . . Recycling Units . | . . . Scanalyzers . | . . . Garrison Access . | . . . Data Cores Recovered . | . . . Used . | . . . Hacking Detections . | . . . Full Trace Events . | . . . Feedback Events . | . . . Feedback Blocked . | . . . Robot Schematics Acquired . | . . . Robots Built . | . . . Authchips . | . . . Time . | . . . Total Robot Build Rating . | . . . Part Schematics Acquired . | . . . Parts Built . | . . . Authchips . | . . . Time . | . . . Total Part Build Rating . | . . . Part Studies Acquired . | . . . Parts Repaired . | . . . Time . | . . . Parts Recycled . | . . . Recycled Matter . | . . . Retrieved Matter . | . . . Retrieved Components . | . . . Parts Scanalyzed . | . . . Part Schematics Acquired . | . . . Parts Damaged . | . . . Bothacking | -11 -10 -9 ------------ Run | Yrd Mat Mat Used RIF Installer . | . . . Robots Hacked . | . . . Non-combat . | . . . Combat . | . . . Robot Hacks Applied . | . . . Relay Couplers Released . | . . . Fabnet Peak Effective % . | . . . Robots Rewired . | . . . Allies Hacked . | . . . Hacks Repelled . | . . . Allies | -11 -10 -9 -------- Run | Yrd Mat Mat Total Allies . | . . . Largest Group . | . . . Highest-Rated Group . | . . . Highest-Rated Ally . | . . . Total Orders . | . . . Ally Attacks . | . . . Total Damage . | . . . Kills . | . . . Allies Corrupted . | . . . Allies Melted . | . . . Intel | -11 -10 -9 ------- Run | Yrd Mat Mat Active Infowar (turns) 440 | . 234 206 ECM 440 | . 234 206 Robot Analysis Total . | . . . Derelict Logs Recovered . | . . . Drone Launches . | . . . Drone Recoveries . | . . . Exploration | -11 -10 -9 ------------- Run | Yrd Mat Mat Turns Passed 802 | 66 271 465 Spaces Moved 405 | 49 187 169 Core 6 | 6 . . Treads . | . . . Legs 399 | 43 187 169 Wheels . | . . . Hover . | . . . Flight . | . . . Fastest Speed 50 | 50 120 120 Average Speed 132 | 111 120 153 Slowest Speed 260 | 120 120 260 Overloaded Moves . | . . . Propulsion Burnouts . | . . . Robots Hopped . | . . . Potential Cave-ins . | . . . Cave-ins Triggered 2 | . . 2 Exploration Rate (%) 20 | 3 43 14 Regions Visited 2 Branch Regions . Pre-discovered Areas . | . . . Known Exits Taken . | . . . Unknown Exits Taken 2 | 1 1 . Scrap Searched . | . . . Spaces Dug . | . . . Terrain Destroyed 42 | . . 42 Melee . | . . . Projectile . | . . . AOE 42 | . . 42 Terrain Rammed . | . . . Walls Destroyed . | . . . Machines Disabled . | . . . Actions | -11 -10 -9 --------- Run | Yrd Mat Mat Total 539 | 60 207 272 Wait . | . . . Move 403 | 48 186 169 Hop . | . . . Pick Up 33 | 8 5 20 Fast Attach . | . . . Attach 28 | 4 3 21 Detach . | . . . Swap 3 | . . 3 Drop 2 | . . 2 Fire 70 | . 13 57 Melee . | . . . Ram . | . . . Kick . | . . . Crush . | . . . Escape Stasis . | . . . Rewire . | . . . Trap . | . . . Miscellaneous . | . . . Route ------- -11/Scrapyard -10/Materials -9/Materials (discovered 1 exit: [*Min]) History --------- Turn | Location | Event 38 | -11/Scrapyard | Discovered new exit (range 14) 67 | -11/Scrapyard | Entered Materials 314 | -10/Materials | Discovered new exit (range 16) 315 | -10/Materials | Build established: Mutant 338 | -10/Materials | Entered another Materials area 338 | -9/Materials | Evolved 2 slots: Power x1, Utility x1 544 | -9/Materials | Crushed by falling debris 545 | -9/Materials | Crushed by falling debris 565 | -9/Materials | Destroyed 11 combat bots 624 | -9/Materials | Lost 10 parts (2p2n3u3w) 749 | -9/Materials | Core integrity fell below 50% 759 | -9/Materials | Discovered new exit (range 16) 789 | -9/Materials | Core integrity fell below 20% 803 | -9/Materials | Destroyed by Y-45 Defender with Heavy Assault Rifle Last Messages --------------- K-01 Serf collects debris. Aluminum Leg destroyed. K-01 Serf collects debris. R-06 Scavenger collects Visual Processing Unit. Ion Engine destroyed. Overheating: Energy bleed (-28). Lgt. Assault Rifle destroyed. G-34 Mercenary destroyed. Lgt. Ion Engine destroyed. Lgt. Assault Rifle destroyed. Acquired Lgt. Ion Engine. Acquired 12 matter. K-01 Serf collects debris. Acquired Aluminum Leg. Aluminum Leg destroyed. K-01 Serf collects debris. Acquired Sml. Laser. Lgt. Assault Rifle destroyed. K-01 Serf collects debris. System corrupted: Energy discharge (-28). Map ----- +----------------------------------------------------+ | ?????????????????????????????????????????????????? | | ?????????????????????????????????????????????????? | | ?????????????????????????????????????????????????? | | ?????????????????????????????????????????????????? | | ?????????????????????????????????????????????????? | | ?????????????????????????????????????????????????? | | ?????????????????????????? < ????????????????????? | | ?????????????????????????? ???????????????????? | | ????????????????????????? ???????????????????? | | ????????????????????????? "???????????????????? | | ?????????????????????????# #???????????????????? | | ?????????????????????????# #???????????????????? | | ?????????????????????????+ #???????????????????? | | ?????????????????????????# #???????????????????? | | ?????????????????????????# #???????????????????? | | ?????????????????????????# #?????###???????????? | | ?????????????????????????# % ##### ????????????? | | ?????????????????????????# ??????????????? | | ?????????????????????????# ????????????????? | | ?????????????????????????# ??????????????????? | | #####????????????????????# Y#???????????????????? | | #????????????????????# %=#???????????????????? | | """ #?????????????##?????#=%=#???????????????????? | | """"#??????????### ##????# !k#???????????????????? | | """"#???????### #???## g*##??????????????????? | | """"#???????# # #* #####@[= =#??????????????????? | | """ #####################[ #??????????????????? | | + # ! %=+ [ [!= + ?????????????? | | # # """""=#######=[ !*# ?????????????????? | | ##### # ""T""[#[#####! %=|# ????????????????? | | =# |#=#???###+###?##???????????????? | | + ! !!###??????% ????????????????????? | | # """ #???????? "????????????????????? | | ##### #### """ !#???????? "????????????????????? | | # ## """ #???????? "????????????????????? | | # ## #???????? ????????????????????? | | # ###########???????? ?????????????????????? | | # #?????????????????? ?????????????????????? | | """ # #????????????????????????????????????????? | | """ # #????????????????????????????????????????? | | """ # #????????????????????????????????????????? | | #####????????????????????????????????????????? | | #####????????????????????????????????????????????? | | ?????????????????????????????????????????????????? | | ?????????????????????????????????????????????????? | | ?????????????????????????????????????????????????? | | ?????????????????????????????????????????????????? | | ?????????????????????????????????????????????????? | | ?????????????????????????????????????????????????? | | ?????????????????????????????????????????????????? | +----------------------------------------------------+ Best States ------------- Heat Dissipation 38 Energy Generation 17 Energy Capacity 415 Matter Stores 312 Matter Capacity 450 Sight Range 16 Terrain Scan Density 10 ECM Strength 1 Armor Coverage 375 Evasion (%) 55 Item Schematics ----------------- None Robot Schematics ------------------ None Fabricated ------------ Nothing Repaired ---------- Nothing Studied --------- None Alien Tech Used ----------------- None Achievements -------------- Let's See Who's Tougher Unlikely Earthworm Challenges ------------ None Game ------ Seed PowerPlexusScanner Manual? 0 Play Time 00:17:13 Cumulative 5.7 hours Start 2026.02.19 @ 03:06:55 End 2026.02.19 @ 03:23:29 Sessions 1 Manual Loads 0 Difficulty Rogue Special Mode None Game No. 6 Rogue 6 Adventurer 0 Explorer 0 Win Type - Total 0 Types 0/0/0/0/0/0/0/0/0/0 Lore% 1 Gallery% 7 Achievement% 7 Wizard Run 0 Options --------- Layout 1 ASCII 0 Keyboard 0 Movement Mouse Keybinds 0 Fullscreen 1 Font 32/Terminus Map View 25x20 Zoom Use 91% Tactical HUD 0 Map Filters NONE Filters LOW_CONTRAST(13,24,33) Steam 1 RUN: 1a00c28a-e037-4190-9036-03a0dcfacf54